 Dungeon Crawl Stone Soup version 0.25.1-2-g60ff931df9 (webtiles) character file.

Game seed: 3496451019012295230

5308 MajorAdolf the Cleaver (level 10, 0/91 HPs)
             Began as a Naga Wanderer on Oct 10, 2020.
             Was an Initiate of Gozag.
             Slain by an eight-headed hydra (5 damage)
             ... on level 9 of the Dungeon.
             The game lasted 00:31:26 (18862 turns).

MajorAdolf the Cleaver (Naga Wanderer)             Turns: 18862, Time: 00:31:26

Health: 0/91       AC:  9    Str: 17    XL:     10   Next: 64%
Magic:  11/11      EV: 12    Int: 11    God:    Gozag
Gold:   868        SH:  0    Dex: 13    Spells: 13/13 levels left

rFire    . . .     SeeInvis +   c - +1 hand axe
rCold    + . .     Gourm    .   (no shield)
rNeg     . . .     Faith    .   A - +2 robe {rC+}
rPois    +         Spirit   .   z - +2 hat
rElec    .         Reflect  .   p - +0 cloak
rCorr    .         Harm     .   (no gloves)
MR       ++...     Clarity  +   (no barding)
Stlth    ++++......             (no amulet)
HPRegen  0.25/turn              u - ring of protection from magic
MPRegen  0.12/turn              (no ring)

@: very slow
A: large, stinger 1, see invisible, clarity, deformed body, low mp 1, poison
resistance, slowness 2, slow metabolism 1, spit poison 1, AC +3
a: Spit Poison, Potion Petition, Call Merchant, Bribe Branch, Renounce Religion


You were on level 9 of the Dungeon.
You worshipped Gozag.
Gozag was pleased with you.
You were not hungry.

You visited 1 branch of the dungeon, and saw 9 of its levels.

You collected 1197 gold pieces.
You spent 212 gold pieces at shops.
You paid 117 gold pieces to Gozag.

Inventory:

Hand Weapons
 a - a +2 dagger
 c - a +1 hand axe (weapon)
 h - a +0 mace
 n - a +0 dagger of protection
 w - a +0 war axe
 y - a +2 dagger of venom
Missiles
 d - 40 poisoned darts (quivered)
Armour
 p - a +0 cloak (worn)
 z - a +2 hat (worn)
 A - a +2 robe of cold resistance (worn)
Jewellery
 l - an uncursed ring of ice
 m - an uncursed ring of fire
 s - an uncursed amulet of guardian spirit {unknown}
 u - a ring of protection from magic (left hand)
Wands
 v - a wand of flame (3)
Scrolls
 e - a scroll of amnesia
 k - 4 scrolls of remove curse
 q - a scroll of blinking
 r - a scroll of identify
 t - a scroll of fog
Potions
 b - a potion of flight {unknown}
 g - 2 potions of mutation
 i - a potion of resistance
 j - 2 potions of stabbing
 o - 2 potions of curing
 x - a potion of cancellation
Comestibles
 f - 3 rations


   Skills:
 + Level 5.8 Fighting
 + Level 11.0 Axes
 - Level 2.0(7.3) Maces & Flails
 - Level 1.0 Armour
 + Level 4.8 Dodging
 + Level 10.7 Stealth
 - Level 2.0 Spellcasting
   Level 4.0 Poison Magic


You had 13 spell levels left.
You didn't know any spells.
Your spell library contained the following spells:

 Spells                   Type           Power        Failure   Level  Hunger
 Animate Skeleton         Necr           N/A          28%         1    ##.....
 Apportation              Tloc           #.....       28%         1    ##.....
 Corona                   Hex            #......      28%         1    ##.....
 Foxfire                  Conj/Fire      #...         28%         1    ##.....
 Magic Dart               Conj           #...         28%         1    ##.....
 Summon Small Mammal      Summ           #...         28%         1    ##.....
 Blink                    Tloc           N/A          41%         2    ###....
 Call Imp                 Summ           #.......     41%         2    ###....
 Shroud of Golubria       Chrm/Tloc      #.....       41%         2    ###....
 Slow                     Hex            #.......     41%         2    ###....
 Ignite Poison            Fire/Tmut/Pois #.......     45%         3    ####...
 Mephitic Cloud           Conj/Pois/Air  #.......     45%         3    ####...
 Conjure Flame            Conj/Fire      #.......     65%         3    ####...
 Gell's Gravitas          Tloc           #.........   65%         3    ####...
 Lesser Beckoning         Tloc           #.........   65%         3    ####...
 Teleport Other           Tloc           #.......     65%         3    ####...
 Passage of Golubria      Tloc           N/A          96%         4    #####..


Dungeon Overview and Level Annotations

Branches:
Dungeon (9/15)             Temple (0/1) D:7
   Lair: D:8-11         Orc: D:9-12

Altars:
Elyvilon
Gozag
Hepliaklqana
Nemelex Xobeh
Okawaru
The Shining One

Shops:
D:6 *

Annotations:
D:7 exclusions: door and hungry ghost
D:8 exclusion: wight
D:9 exclusion: two-headed ogre


Innate Abilities, Weirdness & Mutations

You cannot wear boots.
Your serpentine skin is tough. (AC +3)
You have supernaturally acute eyesight. (SInv)
Armour fits poorly on your strangely shaped body.
Your system is resistant to poisons. (rPois)
You cover ground very slowly.
You have a slow metabolism.
You can spit poison.
Your tail ends in a poisonous barb.
You possess an exceptional clarity of mind.
Your magical capacity is low. (-10% MP)


Message History

Okay, then.
The insubstantial wisp blinks! x2
The eight-headed hydra bites you. The eight-headed hydra bites you!
* * * LOW HITPOINT WARNING * * *
The eight-headed hydra closely misses you.
The eight-headed hydra bites you but does no damage.
The eight-headed hydra bites you!
* * * LOW HITPOINT WARNING * * *
The eight-headed hydra bites you but does no damage.
The eight-headed hydra bites you.
* * * LOW HITPOINT WARNING * * *
The eight-headed hydra bites you!
* * * LOW HITPOINT WARNING * * *
The sky beast flickers out of sight for a moment.
Blink to where?
Press: ? - help, Dir - move target cursor
Okay, then.
The eight-headed hydra bites you.
You die...
Your body crumbles into a pile of gold.

#..... ##+# ##..... #..#
....... #..# .#..... #..#
...Y... +..# ..#.... #..#
≈≈≈....+#..##
≈≈§§v..Y..D.#
..≈≈≈#....v@###
$#$.≈≈.......#.##
#..≈≈....[..#<.##
$(§≈≈≈#.######...## ##
.≈§≈.............# .O
≈≈§#.............# .#
≈≈....#...##.....# ..#..
.#..............O###......
..........................


You could see an eight-headed hydra, a sky beast (invisible) and 2 insubstantial
wisps.

Vanquished Creatures
  A two-headed ogre (D:6)
  2 hippogriffs
  Sigmund (D:3)
  A wyvern (D:8)
  2 humans (D:8)
  A steam dragon (D:9)
  A hungry ghost (D:8)
  Menkaure (D:7)
  Duvessa (D:7)
  2 orc warriors
  2 ice beasts
  4 sky beasts
  A phantom (D:8)
  3 ogres
  2 centaurs
  A bullfrog (D:6)
  A gnoll sergeant (D:6)
  Dowan (D:7)
  A scorpion (D:4)
  9 killer bees
  6 crimson imps
  2 centaur zombies
  3 hounds
  10 orc wizards
  9 orc priests
  Crazy Yiuf (D:5)
  A bullfrog skeleton (D:6)
  An iguana (D:8)
  A worker ant (D:6)
  A killer bee zombie (D:7)
  A hound skeleton (D:8)
  A howler monkey zombie (D:5)
  A howler monkey skeleton (D:5)
  7 gnolls
  7 adders
  A shadow imp (D:8)
  3 oozes
  An adder zombie (D:7)
  A worm (D:3)
  4 dart slugs
  5 leopard geckos
  22 orcs
  2 ball pythons
  5 bats
  3 giant cockroaches
  2 goblins
  7 hobgoblins
  12 jackals
  4 quokkas
  A ball python skeleton (D:3)
  7 frilled lizards
  A jackal skeleton (D:4)
  12 kobolds
  2 rats (D:1)
185 creatures vanquished.

Vanquished Creatures (others)
  Ijyb (D:5)
1 creature vanquished.

Grand Total: 186 creatures vanquished

Notes
Turn   | Place    | Note
-------+----------+-------------------------------------------
     0 | D:1      | MajorAdolf the Naga Wanderer began the quest for the Orb.
     0 | D:1      | MajorAdolf set off with the following items: a +2 dagger, a
                  | scroll of fear, a potion of lignification, a +0 robe, a
                  | ration; and the following spell memorised: Foxfire; and the
                  | following spells available to memorise: Ignite Poison
     0 | D:1      | Reached XP level 1. HP: 15/15 MP: 3/3
   251 | D:1      | Reached XP level 2. HP: 19/22 MP: 5/5
   972 | D:1      | Reached skill level 5 in Stealth
  1113 | D:1      | Reached XP level 3. HP: 28/28 MP: 6/6
  1610 | D:1      | HP: 1/28 [gnoll (7)]
  2021 | D:3      | Found an opulent altar of Gozag.
  2021 | D:3      | Found a white marble altar of Elyvilon.
  2044 | D:3      | Noticed Sigmund
  2067 | D:3      | Reached XP level 4. HP: 23/36 MP: 7/7
  2992 | D:5      | Entered Level 5 of the Dungeon
  3331 | D:5      | Noticed a centaur
  3356 | D:5      | Noticed an ogre
  3407 | D:5      | Found a glowing golden altar of the Shining One.
  3429 | D:5      | Noticed Ijyb
  3448 | D:5      | Killed Ijyb
  3507 | D:5      | Reached skill level 1 in Fighting
  3507 | D:5      | Reached skill level 1 in Dodging
  3507 | D:5      | Reached XP level 5. HP: 31/44 MP: 8/8
  4336 | D:5      | Reached XP level 6. HP: 44/54 MP: 9/9
  4629 | D:5      | Found a hazy altar of Hepliaklqana.
  4724 | D:5      | Found a runed translucent door.
  4725 | D:5      | Noticed Crazy Yiuf
  5288 | D:6      | Noticed a two-headed ogre
  5691 | D:6      | Noticed a sky beast
  5737 | D:4      | Reached skill level 1 in Axes
  6075 | D:4      | Reached skill level 2 in Axes
  6567 | D:3      | Killed Sigmund
  6567 | D:3      | Reached skill level 4 in Axes
  6567 | D:3      | Reached XP level 7. HP: 52/61 MP: 10/10
  7367 | D:3      | Reached skill level 5 in Axes
  7857 | D:2      | Found a sparkling altar of Nemelex Xobeh.
  7940 | D:2      | Found a sparkling altar of Nemelex Xobeh.
  8521 | D:5      | Reached skill level 6 in Axes
  8521 | D:5      | Reached XP level 8. HP: 38/68 MP: 11/11
  8811 | D:5      | Killed Crazy Yiuf
  9165 | D:3      | Became a worshipper of Gozag Ym Sagoz the Greedy
  9387 | D:6      | Reached skill level 7 in Axes
  9625 | D:6      | Killed a two-headed ogre
  9625 | D:6      | Reached skill level 9 in Axes
  9625 | D:6      | Reached XP level 9. HP: 32/74 MP: 12/12
 10584 | D:6      | Found a hazy altar of Hepliaklqana.
 11102 | D:6      | Found Yxounucw's General Store.
 11109 | D:6      | Bought a +2 robe of cold resistance for 212 gold pieces
 11167 | D:7      | Noticed Duvessa
 11167 | D:7      | Noticed Dowan
 11486 | D:7      | Reached skill level 10 in Axes
 11693 | D:7      | Noticed Menkaure
 11710 | D:7      | Killed Menkaure
 12120 | D:7      | HP: 1/76 [Duvessa/+0 short sword (12)]
 12128 | D:7      | Killed Duvessa
 12145 | D:7      | Killed Dowan
 13654 | D:7      | Found a staircase to the Ecumenical Temple.
 14230 | D:7      | Reached XP level 10. HP: 79/87 MP: 13/13
 15204 | D:8      | Reached skill level 5 in Fighting
 15489 | D:8      | Found an iron altar of Okawaru.
 15892 | D:7      | Gained mutation: Your magical capacity is low. (-10% MP)
                  | [potion of mutation]
 15892 | D:7      | Gained mutation: Your tail ends in a poisonous barb.
                  | [potion of mutation]
 15892 | D:7      | Gained mutation: You possess an exceptional clarity of
                  | mind. [potion of mutation]
 16416 | D:9      | Noticed a two-headed ogre
 16463 | D:9      | Reached skill level 10 in Stealth
 18261 | D:8      | Reached skill level 11 in Axes
 18857 | D:9      | Noticed an eight-headed hydra
 18859 | D:9      | HP: 4/91 [eight-headed hydra (8)]
 18862 | D:9      | Slain by an eight-headed hydra

Illustrated notes

Levels and vault maps discovered:
D:1:      dpeg_arrival_connections, layout_basic
D:2:      layout_rooms, overflow_temple_1_default, nemelex_diamond_rough_becter
D:3:      layout_basic, gammafunk_temple_overflow_elements, uniq_sigmund
D:4:      layout_gridville, first_ration
D:5:      layout_layer_cave, basic_altar, tso_altar, uniq_ijyb,
          uniq_crazy_yiuf_cottage
D:6:      layout_basic, serial_shops, shop, basic_altar, minivault_27,
          corexii_item_surrounded_by_moat
D:7:      layout_rooms, minmay_temple_entry_fiery, grunt_livestock,
          uniq_duvessa, uniq_menkaure
D:8:      layout_loops_corners, okawaru_humans
D:9:      layout_stronghold, kennysheep_mini_moat, kennysheep_cross_room,
          hangedman_misty_isle, uniq_erolcha, uniq_maurice

Skill      XL: |  1  2  3  4  5  6  7  8  9 10 |
---------------+-------------------------------+-----
Stealth        | 4 5 6 7 9 10 | 10.7
Fighting       | 1 2 4 5 |  5.8
Dodging        | 1 2 3 4 |  4.8
Axes           | 4 6 9 10 11 | 11.0
Maces & Flails | |  2.0
Armour         | |  1.0
Spellcasting   | |  2.0
Poison Magic   | |  4.0

Action                   |  1- 3 |  4- 6 |  7- 9 | 10-12 || total
-------------------------+-------+-------+-------+-------++-------
Melee: Dagger            |    62 |    96 |       |       ||   158
       Hand axe          |       |    39 |   442 |   321 ||   802
       Tailslap          |       |       |       |    22 ||    22
Throw: Dart              |       |       |    26 |       ||    26
Invok: Potion Petition   |       |       |     1 |       ||     1
 Abil: Spit Poison       |    19 |    36 |    38 |     7 ||   100
Evoke: Wand              |       |     1 |     3 |     1 ||     5
  Use: Potion            |     1 |       |     6 |     1 ||     8
       Scroll            |       |     7 |    11 |     6 ||    24
 Stab: Sleeping          |     2 |     3 |    10 |     3 ||    18
       Confused          |       |     2 |       |       ||     2
       Distracted        |       |       |       |     3 ||     3
  Eat: Chunk             |     3 |     7 |     4 |       ||    14
       Ration            |       |     2 |     5 |     5 ||    12
Armor: Robe              |    16 |    26 |   114 |    81 ||   237
       Skin              |     3 |       |       |       ||     3
Dodge: Dodged            |    24 |    96 |   186 |   164 ||   470
